[Event "ICC Open 2015"]
[Site "Internet Chess Club"]
[Date "2015.05.29"]
[Round "1"]
[White "Estocolmov"]
[Black "tmunagala"]
[Result "1-0"]
[ICCResult "Black resigns"]
[WhiteElo "2194"]
[BlackElo "1600"]
[Opening "Old Indian defense"]
[ECO "A53"]
[NIC "OI.04"]
[Time "19:01:01"]
[TimeControl "180+0"]

1. d4 Nf6 2. c4 d6 3. Nc3 Nbd7 4. e4 g6 5. Be3 Bg7 6. f3 e5 7. Nge2 O-O 8.
Qd2 Re8 9. h4 h5 10. O-O-O exd4 11. Nxd4 {Black resigns} 1-0

[Event "ICC Open 2015"]
[Site "Internet Chess Club"]
[Date "2015.05.29"]
[Round "1"]
[White "bennywins"]
[Black "ncc-1701"]
[Result "0-1"]
[ICCResult "White resigns"]
[WhiteElo "1133"]
[BlackElo "2025"]
[Opening "Sicilian: dragon variation"]
[ECO "B70"]
[NIC "SI.15"]
[Time "19:00:48"]
[TimeControl "180+0"]

1. e4 c5 2. Nf3 d6 3. d4 cxd4 4. Nxd4 Nf6 5. Nc3 g6 6. Bg5 Bg7 7. Bd3 Nc6 8.
Nxc6 bxc6 9. Bxf6 Bxf6 10. O-O O-O 11. Qe2 Bb7 12. a3 Qc7 13. h3 d5 14. exd5
cxd5 15. Qd2 d4 16. Ne4 Bg7 17. c3 Rad8 18. Rad1 dxc3 19. Nxc3 Ba6 20. Bxa6
Rxd2 21. Rxd2 Bxc3 22. b3 Bxd2 {White resigns} 0-1

[Event "ICC Open 2015"]
[Site "Internet Chess Club"]
[Date "2015.05.29"]
[Round "1"]
[White "Chaos23"]
[Black "MadMad"]
[Result "1-0"]
[ICCResult "Black resigns"]
[WhiteElo "2064"]
[BlackElo "1284"]
[Opening "Sicilian: Hungarian variation"]
[ECO "B27"]
[NIC "SI.43"]
[Time "19:00:54"]
[TimeControl "180+0"]

1. e4 c5 2. Nf3 g6 3. c3 Bg7 4. d4 cxd4 5. cxd4 d5 6. e5 Nc6 7. Nc3 Bg4 8.
Bb5 e6 9. h3 Bxf3 10. Qxf3 Ne7 11. Bg5 O-O 12. O-O Qc7 13. Rac1 a6 14. Bxe7
Nxe7 15. Nxd5 Qxc1 16. Nxe7+ {Black resigns} 1-0

[Event "ICC Open 2015"]
[Site "Internet Chess Club"]
[Date "2015.05.29"]
[Round "1"]
[White "HuevosDeLeon"]
[Black "TallTower"]
[Result "1-0"]
[ICCResult "Black resigns"]
[WhiteElo "2704"]
[BlackElo "1758"]
[Opening "Queen's pawn game"]
[ECO "A46"]
[NIC "QP.05"]
[Time "19:01:04"]
[TimeControl "180+0"]

1. d4 Nf6 2. Nf3 e6 3. Bf4 c5 4. c3 b6 5. h3 Bb7 6. e3 Be7 7. Nbd2 O-O 8.
Bd3 cxd4 9. exd4 d6 10. O-O Nbd7 11. Re1 Re8 12. a4 Bf8 13. Bh2 Qc7 14. a5
e5 15. dxe5 dxe5 16. Nc4 Bd6 17. Nxd6 Qxd6 18. Bxh7+ {Black resigns} 1-0

[Event "ICC Open 2015"]
[Site "Internet Chess Club"]
[Date "2015.05.29"]
[Round "1"]
[White "ALexiz"]
[Black "MWeston"]
[Result "0-1"]
[ICCResult "White resigns"]
[WhiteElo "1778"]
[BlackElo "2720"]
[Opening "Benkö gambit accepted"]
[ECO "A58"]
[NIC "BI.45"]
[Time "19:01:52"]
[TimeControl "180+0"]

1. d4 Nf6 2. c4 c5 3. d5 b5 4. cxb5 a6 5. bxa6 g6 6. Nc3 Bg7 7. e4 O-O 8.
Nf3 Qa5 9. Bd2 Bxa6 10. Be2 Bxe2 11. Qxe2 d6 12. O-O Qa6 13. Qxa6 Nxa6 14.
a4 Nd7 15. Rfe1 Rfb8 16. Nb5 Bxb2 17. Ra2 Bg7 18. Bg5 Nb4 19. Ra3 Rxb5
{White resigns}
0-1

[Event "ICC Open 2015"]
[Site "Internet Chess Club"]
[Date "2015.05.29"]
[Round "1"]
[White "druskacik"]
[Black "noyb"]
[Result "1-0"]
[ICCResult "Black resigns"]
[WhiteElo "2442"]
[BlackElo "1700"]
[Opening "Caro-Kann: anti-anti-Caro-Kann defense"]
[ECO "B10"]
[NIC "CK.01"]
[Time "19:01:30"]
[TimeControl "180+0"]

1. e4 c6 2. c4 d5 3. cxd5 cxd5 4. exd5 Nf6 5. Nc3 Nxd5 6. Nf3 Nxc3 7. bxc3
g6 8. h4 h5 9. d4 Bg7 10. Ng5 O-O 11. Bc4 Nc6 12. Qd3 e6 13. O-O Na5 14. Bb3
Nxb3 15. axb3 b6 16. Ba3 Re8 17. Qf3 f6 18. Qxa8 fxg5 19. Qe4 Kh7 20. Bc1
gxh4 21. Rxa7 Re7 22. Bg5 {Black resigns} 1-0

[Event "ICC Open 2015"]
[Site "Internet Chess Club"]
[Date "2015.05.29"]
[Round "1"]
[White "want2win"]
[Black "NietzscheBac"]
[Result "1-0"]
[ICCResult "Black resigns"]
[WhiteElo "2362"]
[BlackElo "1658"]
[Opening "Ruy Lopez: Berlin defense, open variation"]
[ECO "C67"]
[NIC "RL.07"]
[Time "19:01:19"]
[TimeControl "180+0"]

1. e4 e5 2. Nf3 Nc6 3. Bb5 Nf6 4. O-O Nxe4 5. d4 Nd6 6. Bxc6 dxc6 7. dxe5
Nf5 8. Qxd8+ Kxd8 9. h3 h6 10. Nc3 Ne7 11. Bf4 Ng6 12. Bh2 c5 13. Rad1+ Ke8
14. Nd5 Kd7 15. Nb6+ Ke8 16. Nxa8 Be6 17. Nxc7+ Ke7 18. Nd2 Bc8 19. Ne4
{Black resigns}
1-0

[Event "ICC Open 2015"]
[Site "Internet Chess Club"]
[Date "2015.05.29"]
[Round "1"]
[White "waynehatcher"]
[Black "MaestroASK"]
[Result "0-1"]
[ICCResult "White resigns"]
[WhiteElo "1708"]
[BlackElo "2587"]
[Opening "Réti opening"]
[ECO "A04"]
[NIC "QP.11"]
[Time "19:00:37"]
[TimeControl "180+0"]

1. Nf3 d6 2. c4 g6 3. g3 Bg7 4. Bg2 e5 5. O-O Nd7 6. d3 Nh6 7. Nc3 O-O 8.
Bg5 f6 9. Bd2 Nf7 10. Qc1 c6 11. b3 Qe7 12. Rb1 f5 13. Re1 Bf6 14. h3 Nc5
15. h4 Ne6 16. Nd1 e4 17. dxe4 fxe4 18. Nh2 d5 19. cxd5 cxd5 20. Ng4 Bg7 21.
Nh6+ Nxh6 22. Bxh6 Nd4 23. Bxg7 Qxg7 24. Qe3 Nc2 25. Qc5 Nxe1 26. Qxd5+ Kh8
27. Bxe4 Bf5 28. Nc3 Qxc3 29. Bxf5 Rxf5 30. Rd1 Rxd5 {White resigns} 0-1

[Event "ICC Open 2015"]
[Site "Internet Chess Club"]
[Date "2015.05.29"]
[Round "1"]
[White "Oblique"]
[Black "Lightlike"]
[Result "0-1"]
[ICCResult "White resigns"]
[WhiteElo "1724"]
[BlackElo "2645"]
[Opening "Queen's gambit declined"]
[ECO "D30"]
[NIC "QP.08"]
[Time "19:01:08"]
[TimeControl "180+0"]

1. d4 d5 2. c4 e6 3. cxd5 exd5 4. Nc3 Be7 5. Nf3 Nf6 6. Bg5 c6 7. Qc2 g6 8.
e3 Bf5 9. Bd3 Bxd3 10. Qxd3 Nbd7 11. O-O O-O 12. Rab1 a5 13. a3 a4 14. Qc2
Nb6 15. Ne5 Re8 16. Qe2 Nfd7 17. Bxe7 Qxe7 18. Nd3 Nc4 19. Qc2 b5 20. b3
axb3 21. Qxb3 Rxa3 22. Qb4 Qxb4 23. Nxb4 Rxc3 24. Nxc6 {White resigns} 0-1

[Event "ICC Open 2015"]
[Site "Internet Chess Club"]
[Date "2015.05.29"]
[Round "1"]
[White "Jesus"]
[Black "CrossShark"]
[Result "0-1"]
[ICCResult "White resigns"]
[WhiteElo "1794"]
[BlackElo "2755"]
[Opening "French: Tarrasch, closed variation, main line"]
[ECO "C06"]
[NIC "FR.17"]
[Time "19:01:12"]
[TimeControl "180+0"]

1. e4 e6 2. d4 d5 3. Nd2 Nf6 4. e5 Nfd7 5. Bd3 c5 6. c3 Nc6 7. Ne2 cxd4 8.
cxd4 f6 9. exf6 Nxf6 10. O-O Bd6 11. Nf3 Qc7 12. Ng3 O-O 13. Bg5 h6 14. Bxf6
Rxf6 15. Rc1 Bd7 16. Bb1 Be8 17. b3 Bxg3 18. hxg3 Bh5 19. Qd3 Bg6 20. Qc3
Bxb1 21. Rxb1 Raf8 22. Rbc1 Qb6 23. Rfe1 Rxf3 24. gxf3 Nxd4 25. Qe3 Nxf3+
26. Kh1 Nxe1 {White resigns} 0-1

[Event "ICC Open 2015"]
[Site "Internet Chess Club"]
[Date "2015.05.29"]
[Round "1"]
[White "weezil"]
[Black "Gambit101"]
[Result "0-1"]
[ICCResult "White resigns"]
[WhiteElo "1947"]
[BlackElo "3100"]
[Opening "Trompowsky attack (Ruth, Opocenský opening)"]
[ECO "A45"]
[NIC "QP.07"]
[Time "19:00:50"]
[TimeControl "180+0"]

1. d4 Nf6 2. Bg5 d5 3. e3 c6 4. c3 Bf5 5. Bd3 e6 6. f4 h6 7. Bh4 Nbd7 8. Nf3
Be7 9. O-O Ne4 10. Bxe7 Qxe7 11. Ne5 f6 12. Nxd7 Qxd7 13. Nd2 Nxc3 14. bxc3
Bxd3 15. Qh5+ g6 16. Qg4 h5 17. Qf3 Bxf1 18. Rxf1 O-O 19. e4 Kg7 20. f5 dxe4
21. Nxe4 exf5 22. Nc5 Qe7 23. h3 Rae8 24. Kh2 b6 25. Nd3 Qd6+ 26. Kh1 Re4
27. Nf2 Re7 28. Qd3 Rfe8 29. h4 Re1 30. Nh3 Rxf1+ 31. Qxf1 Qg3 {White
resigns} 0-1

[Event "ICC Open 2015"]
[Site "Internet Chess Club"]
[Date "2015.05.29"]
[Round "1"]
[White "playwaycool"]
[Black "capatal1"]
[Result "1-0"]
[ICCResult "Black resigns"]
[WhiteElo "2265"]
[BlackElo "1488"]
[Opening "Trompowsky attack (Ruth, Opocenský opening)"]
[ECO "A45"]
[NIC "QP.07"]
[Time "19:01:18"]
[TimeControl "180+0"]

1. d4 Nf6 2. Bg5 e6 3. e4 Be7 4. Nd2 d6 5. Ngf3 h6 6. Bxf6 Bxf6 7. c3 Nd7 8.
Bd3 c6 9. Qe2 O-O 10. e5 dxe5 11. dxe5 Be7 12. Ne4 Nb6 13. O-O-O Qc7 14. h4
Nd5 15. g3 b5 16. Rhg1 b4 17. c4 Nb6 18. g4 Ba6 19. g5 hxg5 20. hxg5 Rad8
21. Nf6+ Bxf6 22. gxf6 g6 23. Qe3 Nd7 24. Qh6 {Black resigns} 1-0

[Event "ICC Open 2015"]
[Site "Internet Chess Club"]
[Date "2015.05.29"]
[Round "1"]
[White "brauliocuarta"]
[Black "Knight83"]
[Result "1-0"]
[ICCResult "Black resigns"]
[WhiteElo "2096"]
[BlackElo "1326"]
[Opening "QGD semi-Slav"]
[ECO "D43"]
[NIC "SL.03"]
[Time "19:00:45"]
[TimeControl "180+0"]

1. d4 d5 2. c4 c6 3. Nf3 Nf6 4. Nc3 e6 5. Bg5 Be7 6. e3 Nbd7 7. cxd5 cxd5 8.
Bd3 a6 9. O-O O-O 10. Rc1 b5 11. Ne2 Bb7 12. Bf4 Re8 13. Bc7 Qc8 14. Ne5
Nxe5 15. dxe5 Nd7 16. Nd4 Bc5 17. Bd6 {Black resigns} 1-0

[Event "ICC Open 2015"]
[Site "Internet Chess Club"]
[Date "2015.05.29"]
[Round "1"]
[White "Supermodel"]
[Black "cristoforo"]
[Result "1-0"]
[ICCResult "Black resigns"]
[WhiteElo "2248"]
[BlackElo "1435"]
[Opening "Benkö gambit: fianchetto variation"]
[ECO "A58"]
[NIC "BI.39"]
[Time "19:00:53"]
[TimeControl "180+0"]

1. d4 Nf6 2. c4 c5 3. d5 b5 4. cxb5 a6 5. bxa6 Bxa6 6. Nc3 g6 7. Nf3 d6 8.
g3 Bg7 9. Bg2 Nbd7 10. O-O O-O 11. Rb1 Qb6 12. b3 Rfb8 13. Re1 Ng4 14. Bd2
Nge5 15. Nxe5 Nxe5 16. Qc2 Qc7 17. h3 Ra7 18. a4 Rab7 19. f4 Nd7 20. e4 Nb6
21. Kh2 c4 22. b4 Nd7 23. b5 Qa5 24. bxa6 Qxa6 25. e5 Nc5 26. exd6 exd6 27.
Rxb7 Rxb7 28. Re8+ Bf8 29. f5 Nd3 30. Bh6 {Black resigns} 1-0

[Event "ICC Open 2015"]
[Site "Internet Chess Club"]
[Date "2015.05.29"]
[Round "1"]
[White "kava"]
[Black "Chessbomb"]
[Result "1-0"]
[ICCResult "Black resigns"]
[WhiteElo "2926"]
[BlackElo "1876"]
[Opening "English opening"]
[ECO "A10"]
[NIC "EO.64"]
[Time "19:00:57"]
[TimeControl "180+0"]

1. c4 d5 2. cxd5 Nf6 3. e4 c6 4. dxc6 Nxc6 5. Nc3 e5 6. Bb5 Bb4 7. Nf3 O-O
8. O-O Nd4 9. Be2 Nxf3+ 10. Bxf3 Be6 11. d3 Qd7 12. Bg5 Rfd8 13. Nd5 Bxd5
14. Bxf6 gxf6 15. exd5 Bd6 16. g3 f5 17. Bg2 f6 18. Qh5 Rac8 19. Bh3 Rc2 20.
Bxf5 Qg7 21. Rac1 Rxb2 22. Rc4 Kh8 23. Rh4 Rd7 24. Qe8+ {Black resigns} 1-0

[Event "ICC Open 2015"]
[Site "Internet Chess Club"]
[Date "2015.05.29"]
[Round "1"]
[White "olimpioMD"]
[Black "Werewolf"]
[Result "0-1"]
[ICCResult "White resigns"]
[WhiteElo "1407"]
[BlackElo "2235"]
[Opening "Queen's gambit accepted"]
[ECO "D20"]
[NIC "QG.03"]
[Time "19:00:58"]
[TimeControl "180+0"]

1. d4 d5 2. c4 dxc4 3. Nc3 Nf6 4. e4 e5 5. d5 b5 6. a3 a6 7. Nf3 Nbd7 8. Bg5
Bc5 9. Qc2 h6 10. Bh4 g5 11. Bg3 Qe7 12. h3 Nh5 13. Bh2 Nf4 14. Bxf4 exf4
15. O-O-O Bb7 16. Be2 O-O-O 17. Rhf1 Kb8 18. Kb1 Rhe8 19. Ka1 Bb6 20. Qb1
Nc5 21. Ka2 Nb3 22. Qc2 c6 23. dxc6 Bxc6 24. Nd5 Bxd5 25. Rxd5 Rxd5 26. exd5
Qxe2 27. Qxe2 Rxe2 28. Re1 Rxe1 29. Nxe1 Bxf2 30. Nf3 f6 31. Kb1 Kc7 32. Kc2
Nd4+ 33. Nxd4 Bxd4 {White resigns} 0-1

[Event "ICC Open 2015"]
[Site "Internet Chess Club"]
[Date "2015.05.29"]
[Round "1"]
[White "depressnyak"]
[Black "TheLoneKing1"]
[Result "1-0"]
[ICCResult "Black resigns"]
[WhiteElo "3240"]
[BlackElo "1976"]
[Opening "Réti: King's Indian attack (Barcza system)"]
[ECO "A07"]
[NIC "QP.09"]
[Time "19:01:01"]
[TimeControl "180+0"]

1. Nf3 d5 2. g3 Nf6 3. Bg2 c5 4. c4 e6 5. O-O Be7 6. cxd5 exd5 7. d4 cxd4 8.
Nxd4 O-O 9. Nc3 Nc6 10. Be3 Be6 11. Qa4 Ne5 12. Rad1 a6 13. Qb3 Neg4 14.
Qxb7 Nxe3 15. Nc6 Qe8 16. Nxe7+ Kh8 17. fxe3 Rb8 18. Qc7 Rxb2 19. Rb1 Rxb1
20. Rxb1 Qa8 21. Qe5 Rd8 22. Bf3 Qa7 23. Nc6 {Black resigns} 1-0

[Event "ICC Open 2015"]
[Site "Internet Chess Club"]
[Date "2015.05.29"]
[Round "1"]
[White "Revolutions"]
[Black "FedoseevVl95"]
[Result "0-1"]
[ICCResult "White resigns"]
[WhiteElo "1946"]
[BlackElo "3077"]
[Opening "QGD: 3...Nf6"]
[ECO "D35"]
[NIC "QO.16"]
[Time "19:01:09"]
[TimeControl "180+0"]

1. d4 Nf6 2. c4 e6 3. Nc3 d5 4. g3 Be7 5. Bg2 O-O 6. Nf3 a6 7. O-O Nc6 8. b3
Na5 9. Nd2 c5 10. e3 cxd4 11. exd4 Nc6 12. Ne2 b6 13. Bb2 Bb7 14. Rc1 Rc8
15. a3 Qd7 16. b4 dxc4 17. Nxc4 Qd8 18. Re1 Nd5 19. Ne5 Na7 20. Rxc8 Nxc8
21. Qd2 Bf6 22. Ng4 Be7 23. Ne5 b5 24. Rc1 Ncb6 25. Nf4 Bd6 26. Nxd5 Bxd5
27. Nf3 Nc4 28. Qe2 Qa8 29. Ne1 Bxg2 30. Nxg2 Rd8 31. Rxc4 bxc4 32. Qxc4 Rc8
33. Qd3 a5 34. b5 Qd5 35. Ne3 Qa2 36. Nc4 Qxc4 {White resigns} 0-1

[Event "ICC Open 2015"]
[Site "Internet Chess Club"]
[Date "2015.05.29"]
[Round "1"]
[White "Rotchopf"]
[Black "VerdeNotte"]
[Result "0-1"]
[ICCResult "White resigns"]
[WhiteElo "1879"]
[BlackElo "2932"]
[Opening "Sicilian"]
[ECO "B50"]
[NIC "SI.01"]
[Time "19:00:41"]
[TimeControl "180+0"]

1. e4 c5 2. Nf3 d6 3. c3 Nf6 4. Bd3 Nc6 5. Bc2 Bg4 6. O-O g6 7. d3 Bg7 8.
Bg5 O-O 9. Nbd2 b5 10. Re1 b4 11. Nf1 Ne5 12. Ng3 Nh5 13. h3 Nxf3+ 14. gxf3
Bxh3 15. Nxh5 gxh5 16. Qd2 bxc3 17. bxc3 Qa5 18. d4 cxd4 19. e5 dxc3 20. Qd3
f5 21. exf6 Qxg5+ {White resigns} 0-1

[Event "ICC Open 2015"]
[Site "Internet Chess Club"]
[Date "2015.05.29"]
[Round "1"]
[White "Talion"]
[Black "Stone-Castle"]
[Result "1-0"]
[ICCResult "Black resigns"]
[WhiteElo "2890"]
[BlackElo "1847"]
[Opening "Queen's pawn: London system"]
[ECO "A45"]
[NIC "QP.07"]
[Time "19:01:34"]
[TimeControl "180+0"]

1. d4 Nf6 2. Bf4 g6 3. c3 Bg7 4. h3 O-O 5. e3 d6 6. Nf3 Nbd7 7. Bh2 b6 8. a4
a6 9. Be2 Bb7 10. O-O Re8 11. Na3 e5 12. Nd2 Qe7 13. Bf3 Bxf3 14. Qxf3 c5
15. Ndc4 Rab8 16. Qc6 Rec8 17. Qxd6 exd4 18. Qxe7 {Black resigns} 1-0

[Event "ICC Open 2015"]
[Site "Internet Chess Club"]
[Date "2015.05.29"]
[Round "1"]
[White "manta2"]
[Black "yaguaro"]
[Result "0-1"]
[ICCResult "White resigns"]
[WhiteElo "1303"]
[BlackElo "2075"]
[Opening "Old Indian defense"]
[ECO "A42"]
[NIC "OI.07"]
[Time "19:01:22"]
[TimeControl "180+0"]

1. d4 d6 2. c4 e5 3. dxe5 dxe5 4. Qxd8+ Kxd8 5. e4 Be6 6. Nc3 c6 7. Nf3 f6
8. Be3 Bb4 9. O-O-O+ Kc7 10. a3 Bxc3 11. bxc3 Nd7 12. a4 Nb6 13. Bxb6+ axb6
14. Bd3 Rxa4 15. Kd2 Bxc4 16. Bxc4 Rxc4 17. Kd3 Ra4 18. Nd2 Nh6 19. Nc4 Rd8+
20. Ke3 Rxd1 21. Rxd1 Rxc4 22. g3 Rxc3+ 23. Kd2 Ra3 24. f4 Ra4 25. Kd3 Rd4+
26. Ke2 Rxd1 27. Kxd1 Ng4 28. h3 Nf2+ {White resigns} 0-1

[Event "ICC Open 2015"]
[Site "Internet Chess Club"]
[Date "2015.05.29"]
[Round "1"]
[White "yummy2"]
[Black "Hareaum"]
[Result "1-0"]
[ICCResult "Black checkmated"]
[WhiteElo "2653"]
[BlackElo "1737"]
[Opening "Scandinavian: Marshall variation"]
[ECO "B01"]
[NIC "SD.03"]
[Time "19:00:46"]
[TimeControl "180+0"]

1. e4 d5 2. exd5 Nf6 3. d4 Nxd5 4. c4 Nf6 5. Nc3 c6 6. Nf3 Bg4 7. Be3 e6 8.
h3 Bh5 9. Be2 Bd6 10. Qb3 Qb6 11. c5 Qxb3 12. axb3 Bc7 13. b4 Nbd7 14. b5
Nd5 15. Nxd5 cxd5 16. b6 Bb8 17. c6 Nxb6 18. cxb7 O-O 19. bxa8=Q Nxa8 20.
O-O Nb6 21. Rfc1 h6 22. b3 Bg6 23. Ne5 Bh7 24. Bb5 f6 25. Nd7 Rd8 26. Nxb6
axb6 27. Ba6 Be4 28. Rc8 Rxc8 29. Bxc8 Bd6 30. Bxe6+ Kh7 31. f3 Bd3 32. Bxd5
Bg3 33. Be4+ Bxe4 34. fxe4 h5 35. d5 h4 36. Bxb6 g5 37. Bf2 Kg6 38. Bxg3
hxg3 39. Ra7 Kh5 40. d6 g4 41. hxg4+ Kxg4 42. d7 f5 43. exf5 Kf4 44. d8=Q
Ke5 45. f6 Kf5 46. f7 Kg6 47. f8=Q Kh5 48. Qd5+ Kg6 49. Rg7+ Kh6 50. Qh8#
{Black checkmated}
1-0

[Event "ICC Open 2015"]
[Site "Internet Chess Club"]
[Date "2015.05.29"]
[Round "1"]
[White "Mormegil"]
[Black "maly"]
[Result "0-1"]
[ICCResult "White resigns"]
[WhiteElo "1737"]
[BlackElo "2648"]
[Opening "Caro-Kann: exchange variation"]
[ECO "B13"]
[NIC "CK.02"]
[Time "19:02:03"]
[TimeControl "180+0"]

1. e4 c6 2. d4 d5 3. exd5 cxd5 4. Bd3 Nf6 5. Nf3 Bg4 6. c3 Nc6 7. Bg5 e6 8.
Nbd2 Be7 9. O-O O-O 10. Qc2 h6 11. Bf4 Rc8 12. Rfe1 Nb4 13. Qb1 Nxd3 14.
Qxd3 Bf5 15. Qb5 Qd7 16. Qxd7 Nxd7 17. Ne5 Nxe5 18. Bxe5 b5 19. a3 a5 20.
Nb3 b4 21. Nxa5 bxc3 22. bxc3 Rxc3 23. Rec1 Rxa3 24. Rxa3 Bxa3 25. Nc6 Bxc1
{White resigns}
0-1

[Event "ICC Open 2015"]
[Site "Internet Chess Club"]
[Date "2015.05.29"]
[Round "1"]
[White "spartan62"]
[Black "eltigrecu"]
[Result "0-1"]
[ICCResult "White checkmated"]
[WhiteElo "1273"]
[BlackElo "2061"]
[Opening "Sicilian: Sveshnikov variation"]
[ECO "B33"]
[NIC "SI.38"]
[Time "19:01:31"]
[TimeControl "180+0"]

1. e4 c5 2. Nf3 Nc6 3. d4 cxd4 4. Nxd4 Nf6 5. Nc3 e5 6. Ndb5 d6 7. Bg5 a6 8.
Bxf6 gxf6 9. Na3 b5 10. Nd5 f5 11. Qh5 fxe4 12. O-O-O Be6 13. Ne3 Be7 14.
Kb1 Nd4 15. c3 b4 16. Nac4 bxc3 17. bxc3 Nb5 18. Nxe5 Nxc3+ 19. Ka1 Nxd1 20.
Nc6 Qb6 21. Nxe7 Qb2# {White checkmated} 0-1

[Event "ICC Open 2015"]
[Site "Internet Chess Club"]
[Date "2015.05.29"]
[Round "1"]
[White "Sjelan"]
[Black "chessassassin"]
[Result "1-0"]
[ICCResult "Black resigns"]
[WhiteElo "2217"]
[BlackElo "1612"]
[Opening "Robatsch (modern) defense"]
[ECO "B06"]
[NIC "KF.06"]
[Time "19:00:51"]
[TimeControl "180+0"]

1. e4 g6 2. Nf3 Bg7 3. d4 d6 4. h3 a6 5. c4 Nf6 6. Nc3 O-O 7. Be2 e5 8. dxe5
dxe5 9. Qxd8 Rxd8 10. Bg5 Re8 11. O-O-O c6 12. g4 h6 13. Be3 Be6 14. g5 hxg5
15. Nxg5 Nbd7 16. h4 Bg4 17. f3 Be6 18. h5 Nxh5 19. Nxe6 Ng3 20. Nxg7 Nxh1
21. Nxe8 Rxe8 22. Rxd7 Ng3 23. c5 f5 24. Bc4+ Kh8 25. Bh6 fxe4 26. Bg7+ Kh7
27. Bxe5+ Kh6 28. Bxg3 exf3 29. Rf7 Re3 30. Bf4+ g5 31. Bxe3 {Black resigns}
1-0

[Event "ICC Open 2015"]
[Site "Internet Chess Club"]
[Date "2015.05.29"]
[Round "1"]
[White "Darnoc"]
[Black "achessman"]
[Result "1-0"]
[ICCResult "Black resigns"]
[WhiteElo "3038"]
[BlackElo "1914"]
[Opening "QGD: semi-Slav"]
[ECO "D31"]
[NIC "SL.06"]
[Time "19:02:12"]
[TimeControl "180+0"]

1. d4 d5 2. c4 e6 3. Nc3 c6 4. e3 f5 5. g4 fxg4 6. Qxg4 Nf6 7. Qg2 Qc7 8.
Nf3 Bb4 9. Bd3 Bd7 10. Qxg7 Rf8 11. Ne5 Na6 12. Bd2 O-O-O 13. c5 Nb8 14.
O-O-O Qa5 15. Kb1 Nh5 16. Qxh7 Rh8 17. Qe7 Rdf8 18. Nf7 Re8 19. Nd6+ Kc7 20.
Nxe8+ Rxe8 21. Qd6+ Kd8 22. Rhg1 Nf6 23. Rg7 Qc7 24. Qxc7+ Kxc7 25. Nb5+
cxb5 26. Bxb4 Nc6 27. Be1 Kd8 28. f3 {Black resigns} 1-0

[Event "ICC Open 2015"]
[Site "Internet Chess Club"]
[Date "2015.05.29"]
[Round "1"]
[White "manitodeplomo"]
[Black "RobbieWilliams"]
[Result "1-0"]
[ICCResult "Black resigns"]
[WhiteElo "2628"]
[BlackElo "1721"]
[Opening "Queen's gambit declined"]
[ECO "D30"]
[NIC "QP.08"]
[Time "19:01:28"]
[TimeControl "180+0"]

1. d4 d5 2. c4 e6 3. Nf3 f5 4. h3 c6 5. g4 Nf6 6. Nc3 Bd6 7. gxf5 exf5 8.
Rg1 O-O 9. Bg5 Be6 10. cxd5 cxd5 11. Qb3 Be7 12. Bh6 Rf7 13. Ng5 Qd7 14.
Nxf7 Bxf7 15. Bxg7 Bg6 16. Bxf6 Bxf6 17. Qxd5+ Kg7 18. Bg2 Qxd5 19. Nxd5 Nc6
20. Nxf6 Kxf6 21. Bxc6 bxc6 22. Rc1 Rc8 23. Rc5 f4 24. Kd2 Ke6 25. d5+ Kd6
26. Rxc6+ Rxc6 27. dxc6 Kxc6 28. Rg4 {Black resigns} 1-0

[Event "ICC Open 2015"]
[Site "Internet Chess Club"]
[Date "2015.05.29"]
[Round "1"]
[White "lemanofzorn"]
[Black "MichaelBluth"]
[Result "0-1"]
[ICCResult "White checkmated"]
[WhiteElo "1467"]
[BlackElo "2256"]
[Opening "QGD: Tarrasch defense"]
[ECO "D32"]
[NIC "TD.10"]
[Time "19:00:54"]
[TimeControl "180+0"]

1. d4 d5 2. c4 e6 3. Nc3 c5 4. dxc5 Bxc5 5. Nf3 Nf6 6. cxd5 exd5 7. e3 Nc6
8. Bb5 O-O 9. O-O Bg4 10. Bxc6 bxc6 11. Na4 Bd6 12. h3 Bh5 13. g4 Nxg4 14.
hxg4 Bxg4 15. e4 Qf6 16. e5 Bxe5 17. Bg5 Qf5 18. Kg2 Bxf3+ 19. Qxf3 Qxg5+
20. Kh3 Qh6+ 21. Kg2 Qh2# {White checkmated} 0-1

[Event "ICC Open 2015"]
[Site "Internet Chess Club"]
[Date "2015.05.29"]
[Round "1"]
[White "wolfandcheapgin"]
[Black "HematiteBrown"]
[Result "0-1"]
[ICCResult "White forfeits on time"]
[WhiteElo "1379"]
[BlackElo "2116"]
[Opening "King's Indian: Semi-Averbakh system"]
[ECO "E70"]
[NIC "KI.31"]
[Time "19:00:41"]
[TimeControl "180+0"]

1. d4 Nf6 2. c4 g6 3. Nc3 Bg7 4. e4 d6 5. Be3 O-O 6. Be2 Nbd7 7. Nf3 e5 8.
d5 Nc5 9. Bd3 Bg4 10. b4 Bxf3 11. gxf3 Nxd3+ 12. Qxd3 Nh5 13. Qd2 a5 14. b5
f5 15. Rc1 b6 16. Ke2 f4 17. h4 fxe3 18. Qxe3 Nf4+ 19. Kd1 h5 20. Rc2 Bh6
21. Qe1 Kh7 22. Ne2 Qf6 23. Nxf4 Qxf4 24. Qe2 Qxf3 25. Qxf3 Rxf3 26. Ke2
Raf8 {White forfeits on time} 0-1

[Event "ICC Open 2015"]
[Site "Internet Chess Club"]
[Date "2015.05.29"]
[Round "1"]
[White "EREBUNI"]
[Black "ErikaTan"]
[Result "1-0"]
[ICCResult "Black resigns"]
[WhiteElo "3018"]
[BlackElo "1892"]
[Opening "French: Winawer, advance, Bogolyubov variation"]
[ECO "C17"]
[NIC "FR.10"]
[Time "19:01:41"]
[TimeControl "180+0"]

1. e4 e6 2. d4 d5 3. Nc3 Bb4 4. e5 c5 5. Bd2 Nh6 6. Nce2 Bxd2+ 7. Qxd2 Nc6
8. f4 Bd7 9. Nf3 cxd4 10. Nexd4 Qb6 11. O-O-O O-O 12. c3 Rfc8 13. Bd3 Na5
14. Kb1 a6 15. Ng5 g6 16. h4 Nc4 17. Bxc4 Rxc4 18. h5 Kg7 19. hxg6 hxg6 20.
Qf2 Rh8 21. Nf5+ {Black resigns} 1-0

[Event "ICC Open 2015"]
[Site "Internet Chess Club"]
[Date "2015.05.29"]
[Round "1"]
[White "ILYMJPDL"]
[Black "BlackHorse96"]
[Result "0-1"]
[ICCResult "White checkmated"]
[WhiteElo "1983"]
[BlackElo "3341"]
[Opening "Alekhine's defense: Scandinavian variation"]
[ECO "B02"]
[NIC "AL.10"]
[Time "19:00:38"]
[TimeControl "180+0"]

1. e4 Nf6 2. Nc3 d5 3. exd5 Nxd5 4. Nf3 Nc6 5. Bc4 Nb6 6. Bb3 Bf5 7. O-O e6
8. d3 Be7 9. Bf4 O-O 10. Nb5 Rc8 11. Nc3 Bf6 12. Qd2 a5 13. Rad1 Nd4 14.
Nxd4 Bxd4 15. Be3 c5 16. Nb5 Bxb2 17. c3 a4 18. Qxb2 axb3 19. axb3 Bxd3 20.
Rfe1 e5 21. c4 e4 22. Nc3 Qf6 23. Qd2 h6 24. f3 Rfd8 25. fxe4 Bxc4 26. Qc2
Be6 27. Nb5 Rxd1 28. Rxd1 Qe5 29. Nd6 Rc7 30. Nc4 Nxc4 31. bxc4 b6 32. g3
Rd7 33. Re1 Qd6 34. Kf2 Qd3 35. Re2 Qxc4 36. Qb2 Qxe4 37. Qxb6 Bg4 38. Re1
Qf3+ 39. Kg1 Bh3 40. Qb2 Rd1 41. Qb8+ Kh7 42. Qb1+ Rxb1 43. Rxb1 Qg2#
{White checkmated}
0-1